[Event "FIDE WSTC-50-65 2022"]
[Site "Acqui Terme"]
[Date "2022.06.21"]
[Round "2.1"]
[White "Adams, Michael"]
[Black "Flear, Glenn C"]
[Result "1/2-1/2"]
[ECO "C77"]
[WhiteElo "2698"]
[BlackElo "2418"]
[Annotator "TA"]
[PlyCount "82"]
[EventDate "2022.06.20"]
[EventType "team-tourn"]
[EventCountry "ITA"]
[SourceTitle "playchess.com"]
[Source "ChessBase"]
[SourceQuality "1"]
[TimeControl "40/5400+30:1800+30"]

1. e4 e5 2. Nf3 Nc6 3. Bb5 a6 4. Ba4 Nf6 5. d3 Bc5 6. c3 b5 7. Bb3 d6 8. Bg5 {[%emt 0:00:00][%cal Bc1g5,Bg5h4,Bh4g3][%mdl 32] C77: Ruy Lopez: 3...a6 4 Ba4 Nf6, unusual lines.} h6 9. Bh4 g5 10. Bg3 {[%emt 0:00:30] White has an edge.} Be6 {[%emt 0:16:30] 10...Ba7 is the modern continuation.} 11. Bxe6 fxe6 12. a4 b4 {[%emt 0:08:00] [#]} 13. O-O $146 ({Predecessor:} 13. a5 bxc3 14. bxc3 Ne7 15. Qa4+ Qd7 16. Qc4 Ba7 17. h4 g4 18. Nh2 Rg8 19. O-O {0-1 (33) Keetman,M (2144)-Lenaerts,L (2353) Maastricht 2022}) 13... bxc3 14. bxc3 Qd7 15. Nbd2 O-O 16. Nc4 Ba7 17. Rb1 Rab8 18. Rxb8 Rxb8 19. Re1 Qf7 (19... g4 $11 20. Nfd2 Qg7) 20. d4 $1 $16 exd4 {[%emt 0:11:38] aiming for ...e5.} 21. e5 $1 Nd5 $2 (21... Ne8 $16) 22. cxd4 $2 (22. exd6 $18 {Hoping for Nfe5.} Nxc3 23. Qd3) 22... Rb4 $14 23. Qc1 (23. Qe2 {is interesting.} dxe5 24. Ncxe5 Nxe5 25. Bxe5 Rxa4 26. Qc2) 23... Nxd4 24. Nxd4 Bxd4 25. exd6 cxd6 ({Resist} 25... Rxa4 26. Qc2 Rb4 27. dxc7 Nxc7 28. Ne5 Bxe5 29. Bxe5 $16) 26. Nxd6 Qc7 27. Qd1 Bxf2+ $1 28. Bxf2 Qxd6 29. g3 {[%emt 0:00:04] Threatens to win with Qd3.} Qc6 30. Qd3 {[%emt 0:04:20] Qg6+ is the strong threat.} Ne7 {[%emt 0:00:56] Against Qg6+} (30... Kg7 $1 $11) 31. a5 ({White should play} 31. Qd8+ $14 Kf7 32. Rf1 (32. Bd4 e5 $11)) 31... Nf5 $36 {[%emt 0:00:26][%mdl 2048] White is under pressure.} 32. Rd1 {[%emt 0:02:26] And now Qd8+ would win.} Rc4 (32... Rb2 $2 33. Qd8+ Kh7 34. Rd7+ Ng7 35. Rxg7+ $1 Kxg7 36. Qd4+ Kf7 37. Qxb2 $18) 33. Qd8+ Kh7 34. Rd7+ Ng7 35. Be3 (35. Bd4 {is a self mate.} Rc1+ 36. Kf2 Qc2+ 37. Kf3 Rf1+) 35... Rc2 36. Bd2 $2 (36. Bf2 $15) 36... Qc5+ $2 (36... Qf3 $19 {is more deadly. Strongly threatening ...Ra2.} 37. Rd3 Qd1+ 38. Kf2 Rc5 39. Bxg5 Qh5) 37. Kf1 Qf5+ 38. Kg2 Qe4+ (38... g4 $17 39. Qa8 Rb2) 39. Kf2 $1 $15 Qf5+ ({Black should try} 39... Qb4 $15) 40. Kg2 $1 $17 {[%emt 0:00:00] [#]} Qe4+ (40... g4 $1 $17 41. Qa8 Rb2) 41. Kf2 $1 $15 Qf5+ {[%emt 0:04:27] Weighted Error Value: White=0.36/Black=0.43} (41... Qb4 $15 42. Kf3 Qb3+ 43. Kf2 Qb4) 1/2-1/2

[Event "FIDE WSTC-50-65 2022"]
[Site "Acqui Terme"]
[Date "2022.06.21"]
[Round "2.2"]
[White "Dishman, Stephen"]
[Black "Short, Nigel D"]
[Result "0-1"]
[ECO "A50"]
[WhiteElo "2301"]
[BlackElo "2622"]
[Annotator "TA"]
[PlyCount "92"]
[EventDate "2022.06.20"]
[EventType "team-tourn"]
[EventCountry "ITA"]
[SourceTitle "playchess.com"]
[Source "ChessBase"]
[SourceQuality "1"]
[TimeControl "40/5400+30:1800+30"]

1. Nf3 Nf6 2. c4 b6 3. g3 Bb7 4. Bg2 g6 5. O-O Bg7 6. Nc3 O-O 7. d4 Ne4 8. Nxe4 Bxe4 9. Be3 d6 {[%emt 0:03:30] A50: Queen's Fianchetto Defence (1 d4 Nf6 2 c4 b6).} 10. Qd2 c5 11. Bh6 Nd7 {[%emt 0:02:30] The position is equal.} 12. Bxg7 Kxg7 13. d5 Nf6 14. Bh3 b5 15. b3 {[%emt 0:01:30][%cal Bb2b3,Bb3c4][%mdl 32] [#]} bxc4 $146 ({Predecessor:} 15... Bxf3 16. exf3 Rb8 17. Rfe1 Re8 18. Bf1 bxc4 19. Bxc4 e5 20. dxe6 d5 21. Bf1 fxe6 {0-1 (58) Kilgus,G (2404)-Baumegger,S (2452) Vienna 2012}) 16. bxc4 Qb6 (16... Bxf3 $11 17. exf3 Rb8) 17. Ne1 Qb4 18. Qc1 Rab8 19. f3 Bxd5 20. cxd5 $16 Nxd5 21. Nc2 Qb2 22. Rf2 f5 23. e3 Qxc1+ 24. Rxc1 Rb2 25. a3 ({White should try} 25. Na3 $16 Rxf2 26. Kxf2) 25... Rb3 $14 26. Re1 Nc3 27. Bf1 d5 {[%emt 0:00:27] Prevents Bc4.} 28. Ra1 e5 29. Rd2 Rb2 30. Rc1 Rfb8 31. Kf2 ({White must play} 31. g4 $1 $11) 31... e4 $15 32. Bg2 Kf6 33. fxe4 (33. Ke1 $15) 33... fxe4 $17 34. Ke1 Ra2 {[%emt 0:07:07] 0x0.001b69558b1edp-1022s more active pieces.} 35. Nb4 $2 Rxd2 $19 36. Kxd2 cxb4 37. axb4 {[%emt 0:00:02][%mdl 4096] Endgame KRB-KRN} Nb5 38. Rc6+ $2 (38. Bf1) 38... Ke5 39. Bh3 {[%emt 0:00:22][%csl Gh3][%cal Rc6e6] [#]} Rb6 40. Rc8 Nd6 {[%emt 0:00:00][%csl LRb4,LRc8] Inhibits Re8+.} 41. Rc7 Rb7 {[%emt 0:01:27] Black is clearly winning.} 42. Rxb7 Nxb7 43. Kc3 (43. Bg4 $142 Nd6 44. Bh3) 43... Nd6 {[%emt 0:00:00] [#] Threatens to win with ...Nc4.} 44. Bf1 {[%emt 0:00:30] Against Nc4} Nf5 45. Kd2 d4 46. exd4+ Kxd4 {[%emt 0:00:30] What a bad dream for White.  Weighted Error Value: White=0.34/Black=0.08 (flawless)} 0-1

[Event "FIDE WSTC-50-65 2022"]
[Site "Acqui Terme"]
[Date "2022.06.21"]
[Round "2.3"]
[White "Hebden, Mark L"]
[Black "Duncan, Chris R"]
[Result "1-0"]
[ECO "D12"]
[WhiteElo "2452"]
[BlackElo "2194"]
[Annotator "TA"]
[PlyCount "121"]
[EventDate "2022.06.20"]
[EventType "team-tourn"]
[EventCountry "ITA"]
[SourceTitle "playchess.com"]
[Source "ChessBase"]
[SourceQuality "1"]
[TimeControl "40/5400+30:1800+30"]

1. d4 d5 2. Nf3 Nf6 3. c4 c6 4. e3 Bf5 5. Nc3 e6 6. Nh4 Be4 7. f3 Bg6 8. Qb3 Qc7 9. Bd2 {[%emt 0:00:30] D12: Slav Defence: 3 Nf3 Nf6 4 e3 Bf5.} Be7 10. cxd5 cxd5 11. Nxg6 {[%emt 0:00:30] White has an edge.} hxg6 12. O-O-O Nc6 13. Kb1 a6 14. Rc1 Nd7 15. g3 Rc8 16. Bd3 {[%emt 0:16:30] [#]} b5 $146 {[%emt 0:09:30] [#]} ({Predecessor:} 16... Na5 17. Qd1 Nc4 18. Rc2 b5 19. Bc1 Qb7 20. h4 b4 21. Na4 b3 22. axb3 Qxb3 23. Rc3 Qb5 24. e4 O-O 25. exd5 exd5 26. h5 g5 27. f4 Bb4 {½-½ (27) Haas,B (2346)-Jensen,B (2301) ICCF email 2019}) 17. Ne2 (17. Nxb5 $1 $14 axb5 18. Bxb5) 17... Nb6 $15 18. e4 Nc4 19. Bxc4 bxc4 20. Qe3 Rb8 21. h4 Rb7 22. Bc3 Qd6 23. Ka1 Kd7 (23... a5 $17) 24. e5 (24. exd5 $11 {keeps the balance.} exd5 25. Qd2) 24... Qb8 $17 25. g4 Nb4 (25... a5 $17) 26. Bxb4 $11 Rxb4 27. Qd2 a5 28. f4 Rh6 ({Don't play} 28... Rxh4 29. Rxh4 Bxh4 30. g5 $16) 29. h5 gxh5 30. gxh5 f5 (30... Qh8 $11) 31. Rcg1 ({White should try} 31. exf6 $1 $14 Rxf6 32. Rcg1) 31... Qh8 (31... Bf8 $11 {remains equal.}) 32. a3 $16 Rb5 33. Qd1 Rb3 {[%emt 0:07:41][%cal Oe7a3] [#]} 34. Nc1 $1 Rb6 (34... Rb7 $16) 35. Qa4+ $18 Rc6 36. Qxa5 Rxh5 $2 (36... Rh7 37. Qa7+ Rc7 38. Qa4+ Rc6) 37. Rxh5 Qxh5 38. Rxg7 Qe8 39. Ne2 {[%emt 0:02:36][%cal Bc1e2,Be2c3,Bc3b5][%mdl 32] Hoping for Nc3.} Qb8 40. Nc3 {[%emt 0:00:00][%cal Oc3d5] Nxd5! would kill now.} Qb6 41. Qa8 Qd8 42. Qa4 Qb6 43. Nb5 c3 44. Nxc3 Qc7 45. Kb1 Ke8 {[%emt 0:03:26] [#]} 46. Qa8+ (46. Nxd5 $142 $1 exd5 47. Rg6) 46... Qc8 47. Qxc8+ ({Less strong is} 47. Qa7 Rc7 48. Qa4+ Kf8 $18) 47... Rxc8 {[%emt 0:00:03][%mdl 4096] Endgame KRB-KRN} 48. Kc2 Kd7 49. Kd3 Rh8 50. Na4 Ke8 $2 (50... Kd8 51. Rg6 Rh3+ 52. Ke2 Rh2+ 53. Kf3 Rh3+ 54. Rg3 Rh6) 51. Nc5 Rh3+ 52. Kc2 Bxc5 53. dxc5 {[%emt 0:00:00][%cal Bd4c5,Bc5c6][%mdl 32] KR-KR} Rf3 54. c6 {[%emt 0:01:30] White threatens c7 and mate.} Kd8 55. b3 {[%emt 0:02:30][%cal Bb2b3,Bb3b4,Bb4b5,Bb5b6][%mdl 32] aiming for b4.} Rxf4 56. a4 {[%emt 0:00:30] And now a5 would win.} Rf2+ 57. Kc3 {[%emt 0:00:30] Threatens to win with a5.} f4 58. b4 {[%emt 0:01:30] Threatening mate with b5.} f3 59. b5 {[%emt 0:01:45] White mates.} Ra2 60. c7+ Kc8 61. b6 {[%emt 0:00:10] Weighted Error Value: White=0.26 (precise) /Black=0.40} 1-0

[Event "FIDE WSTC-50-65 2022"]
[Site "Acqui Terme"]
[Date "2022.06.21"]
[Round "2.4"]
[White "Frostick, Clive A"]
[Black "Emms, John M"]
[Result "0-1"]
[ECO "B51"]
[WhiteElo "2120"]
[BlackElo "2478"]
[Annotator "TA"]
[PlyCount "56"]
[EventDate "2022.06.20"]
[EventType "team-tourn"]
[EventCountry "ITA"]
[SourceTitle "playchess.com"]
[Source "ChessBase"]
[SourceQuality "1"]
[TimeControl "40/5400+30:1800+30"]

1. e4 c5 2. Nf3 d6 3. Bb5+ Nd7 4. c3 Ngf6 5. Qe2 a6 6. Ba4 e6 7. O-O b5 8. Bc2 Bb7 9. d4 {[%emt 0:11:30] B51: Sicilian: Moscow Variation (3 Bb5+) without 3...Bd7.} Be7 10. Nbd2 Qc7 11. Bd3 {[%emt 0:00:30] The position is equal.} O-O 12. Rd1 e5 {[%emt 0:22:30] [#]} 13. Nf1 $146 (13. d5 $11) ({Predecessor:} 13. d5 c4 14. Bc2 Rfb8 15. Nf1 a5 16. Ng3 g6 17. h4 b4 18. h5 Nc5 19. Ng5 {0-1 (33) Iordachescu,V (2651)-Korobov,A (2660) Moscow 2012}) 13... d5 (13... exd4 $15 14. cxd4 c4) 14. exd5 {[%emt 0:12:30] [#]} ({White should play} 14. Nxe5 $1 $11 dxe4 15. Nxd7 Qxd7 16. Bc2) 14... exd4 $1 $15 15. cxd4 ({Don't blunder} 15. Qxe7 $2 Rae8 16. d6 Qc8 17. cxd4 Rxe7 18. dxe7 Re8 19. dxc5 Bxf3 20. gxf3 Nxc5 $17) (15. Nxd4 Rfe8) 15... Rfe8 16. dxc5 Bxc5 17. Be3 Bxd5 18. Rac1 {[%emt 0:03:45] [#] Black must now prevent b4.} Qb7 19. Bf5 Bxe3 20. Nxe3 Nb6 21. b3 {[%emt 0:00:39] Prevents Nc4.} Rad8 22. Qc2 Bxf3 23. Rxd8 Rxd8 24. gxf3 g6 25. Be4 Qe7 26. Qc7 Qd6 27. Qxd6 (27. Qb7 $5 Nxe4 28. fxe4 $11) 27... Rxd6 28. Rc6 $2 (28. Bb7 $11 {and White is okay.}) 28... Nxe4 {[%emt 0:00:23] Weighted Error Value: White=0.50/Black=0.13 (very precise)} 0-1

[Event "FIDE WSTC-50-65 2022"]
[Site "Acqui Terme"]
[Date "2022.06.21"]
[Round "2.5"]
[White "Bischoff, Klaus"]
[Black "Kaidanov, Gregory"]
[Result "1/2-1/2"]
[ECO "D45"]
[WhiteElo "2493"]
[BlackElo "2556"]
[Annotator "TA"]
[PlyCount "74"]
[EventDate "2022.06.20"]
[EventType "team-tourn"]
[EventCountry "ITA"]
[SourceTitle "playchess.com"]
[Source "ChessBase"]
[SourceQuality "1"]
[TimeControl "40/5400+30:1800+30"]

1. d4 d5 2. c4 e6 3. Nc3 c6 4. e3 Nf6 5. Nf3 Nbd7 6. Qc2 Bd6 7. b3 O-O 8. Be2 b6 9. O-O Bb7 10. Bb2 Qe7 11. Rad1 Rad8 {[%emt 0:00:30] D45: Semi-Slav: 5 e3.} 12. cxd5 exd5 13. Rfe1 Rfe8 14. g3 c5 15. Bf1 Rc8 16. Qb1 $1 {[%emt 0:13:30][%mdl 4] is currently scoring better than 16.Bh3.} c4 17. Nd2 {[%emt 0:07:30][%cal Rb3c4] [#]} Bb4 $146 ({Predecessor:} 17... cxb3 18. axb3 a6 19. Bh3 g6 20. Rc1 b5 21. Rc2 Rc7 22. Rec1 {½-½ (22) Lemanczyk,T (2357)-Larin,I (2313) LSS email 2014}) 18. Ba1 b5 19. bxc4 dxc4 20. e4 Nb6 21. Bh3 Rcd8 22. a3 (22. Nxb5 $11 Bxd2 23. Rxd2) 22... Bxc3 $17 (22... Bxa3 $6 23. Qxb5 Bb4 24. Nxc4 $11) 23. Bxc3 Na4 ({Don't do} 23... Bxe4 24. Nxe4 Nxe4 25. Ba5 $14) (23... Nxe4 24. Bb4 Nxd2 25. Rxe7 $16) (23... Qxa3 $17 24. Re3 Nbd5) 24. Qa1 $11 ({Reject} 24. Bb4 Qc7 25. d5 c3 $17) 24... Bc8 ({Don't play} 24... Nxe4 25. Nxe4 Bxe4 26. f3 $16) (24... Bxe4 $2 25. f3 Nxc3 26. Qxc3 $16) 25. Bg2 {[%emt 0:01:30] Black must now prevent Ba5.} Qc7 {[%emt 0:02:30] Prevents Ba5.} 26. d5 Ng4 (26... Nxc3 $11 27. Qxc3 Qb6) 27. Bxg7 {[%emt 0:02:30] Strongly threatening Bd4.} c3 {[%emt 0:00:30] [#]} 28. Bd4 {[%emt 0:00:30] Hoping for Rc1. Dancing on a razor blade. A strong pair of Bishops.} cxd2 29. Rxd2 {[%emt 0:00:00] next Rc1 is good for White.} Nb6 (29... Ne5 $1 $11) 30. Rc1 {[%emt 0:02:00][%mdl 1024] White has strong compensation.} Nc4 31. f4 (31. f3 $14 Nge5 32. f4) 31... Qa5 (31... f5 $11 32. h3 {[#]} Qf7 $1 33. Rxc4 bxc4 34. hxg4 fxe4) 32. Rd3 $16 f5 (32... h5 $16) 33. e5 $18 Bb7 34. h3 Bxd5 35. hxg4 (35. Bxd5+ $18 Rxd5 36. hxg4) 35... Bxg2 (35... Be4 $16 {was worth a try.} 36. Bxe4 fxe4) 36. Kxg2 fxg4 37. Qc3 $2 ({White should play} 37. Kg1 $18) 37... Qxc3 {[%emt 0:03:12] Weighted Error Value: White=0.24 (precise) /Black=0.38} 1/2-1/2

[Event "FIDE WSTC-50-65 2022"]
[Site "Acqui Terme"]
[Date "2022.06.21"]
[Round "2.6"]
[White "Shabalov, Alexander"]
[Black "Peist, Juergen"]
[Result "1/2-1/2"]
[ECO "C02"]
[WhiteElo "2504"]
[BlackElo "2303"]
[Annotator "TA"]
[PlyCount "80"]
[EventDate "2022.06.20"]
[EventType "team-tourn"]
[EventCountry "ITA"]
[SourceTitle "playchess.com"]
[Source "ChessBase"]
[SourceQuality "1"]
[TimeControl "40/5400+30:1800+30"]

1. e4 e6 2. d4 d5 3. e5 c5 4. c3 Nc6 5. Nf3 Bd7 6. Be2 Rc8 7. O-O Qb6 8. dxc5 Bxc5 {[%emt 0:26:30] C02: French: Advance Variation.} 9. b4 Bf8 10. a4 {[%emt 0:14:30] [#]} Qc7 $146 {[%emt 0:11:30] White is slightly better.} ({Predecessor:} 10... a6 11. a5 Qc7 12. Bf4 Nge7 13. Nbd2 Ng6 14. Bg3 Be7 15. b5 axb5 16. Bxb5 O-O {0-1 (51) Rodriguez Mogollon,T (1476)-Florez Caceres,R (1561) Ocana 2019}) 11. Bf4 f6 (11... Nf6 $14) 12. Na3 (12. Re1 $1 $16) 12... Nxe5 $11 13. Nd4 Nh6 $2 {[%emt 0:29:54] Prevents Bg4.} (13... a6 $1 $11 {and Black is okay.}) 14. Bb5 (14. Bxh6 $18 {Threatens to win with Nab5.} gxh6 15. Nab5) 14... Qd6 (14... Kd8 $16) 15. c4 $2 (15. Bxh6 $18 {[%cal Of1e1] Hoping for Re1!} gxh6 16. Qh5+ Ng6 17. Rae1) 15... Nhf7 $1 $14 16. Re1 (16. Bg3 $14) 16... g5 (16... dxc4 17. Nxc4 $1 Qd5 18. Ne3 $16) (16... Qxb4 $2 17. Nxe6 Qe7 18. cxd5 $18 (18. Qxd5 a6 $16)) (16... a6 $5 17. c5 Qe7 18. Bxd7+ Qxd7 $17) 17. Bg3 (17. c5 Qe7 18. Bg3 a6 19. Bxd7+ Qxd7 $15) 17... Bg7 (17... dxc4 $2 18. Nxc4 $1 Rxc4 19. Bxc4 $16) (17... Qxb4 $2 18. Nxe6 Qe7 19. Bxe5 (19. Qxd5 a6 $16) 19... fxe5 20. cxd5 $18) (17... a6 $11 18. c5 Qe7 19. Bxd7+ Qxd7) 18. cxd5 (18. h4 $5 ) 18... Qxd5 19. Nf5 Qxd1 (19... Bf8 $1 $11 {remains equal.} 20. Bxe5 fxe5) 20. Nxg7+ $16 Kf8 21. Raxd1 Bxb5 22. Nxe6+ Ke7 23. Nc5 $36 {[%emt 0:03:32][%mdl 2048] White has the initiative.} ({Much worse is} 23. axb5 Kxe6 24. b6 a6 $11) 23... b6 (23... Bc6 $14) 24. Nxb5 $18 bxc5 25. Nxa7 Rc7 {[%emt 0:03:32] [#]} 26. Nb5 Rc6 27. Rc1 Ra8 {[%emt 0:00:19] [#]} 28. Nd4 $1 Rcc8 29. bxc5 {[%emt 0:01:43] White is more active.} Rxa4 30. Red1 Rc4 31. Rxc4 Nxc4 32. Nb3 ({White should play} 32. c6 $18) 32... Nfe5 33. f3 Rb8 {[%emt 0:00:36] [#]} 34. Nd4 Rb2 35. Bf2 Nd2 36. Ra1 (36. c6 $18) 36... Nd3 (36... Nb3 $142 37. Nxb3 Rxb3) 37. Bg3 $2 (37. c6 $16) 37... Nxc5 $11 {[%emt 0:00:45] The position is equal.} 38. h4 Rb1+ 39. Rxb1 Nxb1 40. hxg5 fxg5 {Weighted Error Value: White=0.33/Black=0.38} 1/2-1/2

[Event "FIDE WSTC-50-65 2022"]
[Site "Acqui Terme"]
[Date "2022.06.21"]
[Round "2.7"]
[White "Fritsch, Rolf"]
[Black "Novikov, Igor"]
[Result "0-1"]
[ECO "D45"]
[WhiteElo "2175"]
[BlackElo "2551"]
[Annotator "TA"]
[PlyCount "76"]
[EventDate "2022.06.20"]
[EventType "team-tourn"]
[EventCountry "ITA"]
[SourceTitle "playchess.com"]
[Source "ChessBase"]
[SourceQuality "1"]
[TimeControl "40/5400+30:1800+30"]

1. d4 d5 2. Nf3 Nf6 3. c4 e6 4. Nc3 c6 5. e3 Nbd7 6. Qc2 Bd6 7. Bd2 O-O 8. O-O-O b5 9. e4 {[%emt 0:06:30] is now more promising than 9.cxb5. D45: Semi-Slav: 5 e3.} b4 (9... bxc4 $2 10. e5 $16) 10. e5 bxc3 11. Bxc3 {[%emt 0:00:30] The position is equal.} Be7 12. exf6 Bxf6 {[%emt 0:02:30] [#]} 13. Kb1 $146 ({Predecessor:} 13. Bd3 g6 14. c5 a5 15. h4 Ba6 16. h5 Bxd3 17. Qxd3 Qc8 18. Qe3 Re8 19. hxg6 fxg6 {0-1 (37) Shipov,S (2541)-Sanal,V (2601) Chess.com INT 2022}) 13... a5 14. Bd3 g6 15. h4 dxc4 16. Be4 Bg7 17. h5 Nf6 18. hxg6 fxg6 {[%emt 0:00:30] [#]} 19. Bxc6 (19. Ne5 $1 $16) 19... Ra7 $14 20. Ne5 Nd5 21. Nxc4 (21. Bxd5 $5 exd5 22. Ka1 $11) 21... Nxc3+ 22. Qxc3 ({Much worse is} 22. bxc3 Qc7 23. d5 Bb7 $17) 22... Rc7 23. Nxa5 Rxf2 (23... Qd6 $5 ) 24. Qb4 Bd7 25. Rc1 Bc8 (25... Qg5 $11) 26. Nb3 Rf8 (26... Ba6 $14) 27. Bf3 (27. a4 $16) 27... Rd7 (27... Rxc1+ $14 28. Rxc1 e5) 28. Qc4 (28. a4 $142) 28... Rd6 29. Rhd1 Qf6 30. Qb4 (30. Rc2 $16) 30... e5 $1 $11 31. dxe5 {[%emt 0:00:20] [#]} (31. Nc5 $11 {keeps the balance.}) 31... Qxe5 $1 32. Nc5 (32. Rd2 Rfd8) 32... Bf5+ {[%emt 0:01:14] A strong pair of Bishops.} 33. Ka1 Rxd1 $40 {[%emt 0:02:32][%mdl 128] White is in trouble. Chess con chili.} 34. Rxd1 Rb8 35. Nb7 h5 {[%emt 0:00:42][%mdl 1024] Black has strong compensation.} 36. a4 Rc8 ({Black should play} 36... Kh7 $17 {Threatens to win with ...Ra8.} 37. Re1 Qc7) 37. Re1 (37. Nd6 $11 {remains equal.} Rc2 38. Nxf5 Qxf5 39. Be4 Rxb2 40. Qc4+ Kh7 41. Bxf5 Rb4+ 42. Ka2 Rxc4 43. Bd7) 37... Qf6 $17 {[%emt 0:00:56] aiming for ...Kh7.} 38. Nc5 $2 {[%emt 0:01:15][%mdl 8192] [#]} (38. Nd6 $17 Rc2 39. Rb1 (39. Nxf5 Rxb2 40. Qc4+ Kh7 $17)) 38... Rxc5 $1 {[%emt 0:00:32][%mdl 512] Weighted Error Value: White=0.43/Black=0.18 (very precise)} 0-1

[Event "FIDE WSTC-50-65 2022"]
[Site "Acqui Terme"]
[Date "2022.06.21"]
[Round "2.8"]
[White "Sokolin, Leonid"]
[Black "Werbeck, Torsten"]
[Result "1/2-1/2"]
[ECO "C16"]
[WhiteElo "2464"]
[BlackElo "2000"]
[Annotator "TA"]
[PlyCount "116"]
[EventDate "2022.06.20"]
[EventType "team-tourn"]
[EventCountry "ITA"]
[SourceTitle "playchess.com"]
[Source "ChessBase"]
[SourceQuality "1"]
[TimeControl "40/5400+30:1800+30"]

1. e4 e6 2. d4 d5 3. Nc3 Bb4 4. e5 Qd7 5. Bd2 b6 6. Qg4 Bf8 {[%emt 0:00:30] C16: French: 3 Nc3 Bb4 4 e5: Lines without ...c5.} 7. a4 a5 {[%emt 0:09:30] [#]} 8. Nge2 $146 ({Predecessor:} 8. Nb5 Ba6 9. h4 Nh6 10. Bxh6 gxh6 11. Nh3 c6 12. Nc3 Bxf1 13. Rxf1 Na6 14. Qe2 {1-0 (45) Just,H (2137)-Nuding,M (2143) Bayern 2014}) 8... c6 {[%emt 0:01:30] White is slightly better.} 9. h4 Ba6 10. Ng3 Bxf1 11. Kxf1 Na6 12. Nce2 Nc7 13. h5 Ne7 14. Qf3 (14. h6 $16 g6 15. Bg5) 14... c5 15. c3 Nc6 16. Rh4 cxd4 (16... h6 $11) 17. cxd4 $16 Bb4 18. Bc3 O-O-O 19. Rf4 Rdf8 20. Kg1 g5 21. hxg6 hxg6 22. Rc1 Kb7 23. Bxb4 axb4 24. Qd3 Na5 25. b3 Na6 26. Qf3 Rh7 27. Rf6 Rc8 28. Rxc8 Kxc8 29. Nf1 Nc7 30. Nd2 Nc6 31. Qd3 Kb7 32. Nf3 Nd8 (32... Ne8 $5 ) 33. Qd2 Qe7 (33... Ne8 $5 ) 34. Nc1 Rh5 35. Nd3 Na6 (35... Ne8 $1 $11) 36. g4 Rh7 37. Kg2 $36 {[%emt 0:00:54][%mdl 2048] White is really pushing.} Nc6 (37... Rh8 $142) 38. Ng5 Rg7 39. Qf4 Nd8 40. Qh2 {[%emt 0:00:00] Hoping for Qh8.} Nc7 41. Qh6 (41. Qh3 {is more complex.} Ne8 42. Qh8 Kc7 43. Nxb4 Nxf6 44. exf6 Qxf6 45. Nf3) 41... Ne8 42. Rf4 {[%emt 0:02:30][%cal Bf6f4,Bf4h4,Bh4h1][%mdl 32] 0x0.00207b4344d5dp-1022s more active pieces.} Ka6 43. Nf3 Nc6 44. g5 (44. Qh8 $16) 44... Qf8 $11 45. Qh1 Qe7 $2 (45... Kb7 $11) 46. Qh8 $1 $18 {[%emt 0:00:59] Nh2 is the strong threat.} Ka5 47. Rh4 Ka6 48. Kg3 Kb7 (48... Ka7 $142 49. Rh1 Kb7) 49. Rh1 Na5 $2 {[%emt 0:01:19][%mdl 8192] [#]} (49... Qd8 $16 50. Kh3 Qe7) 50. Nxb4 $1 Nxb3 51. Nc2 Nd2 52. Nxd2 {[%emt 0:01:23] And now Nf3 would win.} Qxg5+ {[%emt 0:00:01] [#]} 53. Kf3 $1 Qxd2 {[%emt 0:00:48] [#]} 54. Qxe8 $2 {[%emt 0:00:52] Really sharp!} (54. Ne3 $1 $16 Qxd4 55. Rh4) 54... Qxc2 $11 {[%emt 0:00:02] The position is equal.} 55. Rh8 {[%emt 0:00:05] Qb8+ would kill now.} Qf5+ (55... Qe4+ {is a self mate.} 56. Kg3) 56. Kg3 Qg5+ 57. Kh3 {[%emt 0:00:37] Intending Qa8+ and mate.} Qf5+ 58. Kg3 {[%emt 0:00:27] White threatens Qa8+ and mate.} Qg5+ {[%emt 0:00:14] Weighted Error Value: White=0.15 (very precise) /Black=0.25 (precise)} 1/2-1/2